 Dungeon Crawl Stone Soup version 0.29.0-11-gd7f09526c8 (webtiles) character file.

Game seed: 1256163613341539629

219 sanka the Ducker (level 6, -2/45 HPs)
             Began as a Djinni Artificer on Sept 4, 2022.
             Slain by a gnoll
             ... wielding a +0 flail
              (7 damage)
             ... on level 3 of the Dungeon.
             The game lasted 00:05:37 (3756 turns).

sanka the Ducker (Djinni Artificer)                 Turns: 3756, Time: 00:05:38

Health: -2/45      AC:  4    Str: 11    XL:     6   Next: 18%
Gold:   170        EV: 12    Int: 14    God:
                   SH:  0    Dex: 14

rFire   + + .      SeeInvis .   g - +0 trident
rCold   x . .      Faith    .   (no shield)
rNeg    . . .      Spirit   .   b - +0 leather armour
rPois   ∞          Reflect  .   (no helmet)
rElec   .          Harm     .   r - +0 cloak
rCorr   .          Rampage  .   (no gloves)
Will    .....                   (boots unavailable)
Stlth   +.........              (no amulet)
HPRegen 0.15/turn               (no ring)
MPRegen 0.00/turn               (no ring)

@: flying
A: sickness immunity, fire resistance 2, cold vulnerability 1, float, innate
caster, HP casting, extra vitality 1
a: no special abilities


You were on level 3 of the Dungeon.
You visited 1 branch of the dungeon, and saw 3 of its levels.

You collected 170 gold pieces.


Innate Abilities, Weirdness & Mutations

You are immune to sickness and miasma.
You are immune to poison.
Your flesh is very heat resistant. (rF++)
You are vulnerable to cold. (rC-)
You float through the air rather than walking.
You learn spells naturally, not from books.
Your magical power is your life essence.
You have superior vitality. (+4 MHP)


   Skills:
 - Level 2.8 Fighting
 - Level 1.0 Armour
 - Level 3.7 Dodging
 - Level 0.7 Stealth
 + Level 2.8 Spellcasting
 - Level 3.0 Evocations


You had 7 spell levels left.
You knew the following spells:

 Your Spells              Type           Power      Damage    Failure   Level
y - Poisonous Vapours     Pois/Air       18%        N/A       14%         2
z - Slow                  Hex            36%        N/A       9%          1
Your spell library was empty.

Inventory:

Hand Weapons
 a - a +0 club
 g - a +0 trident (weapon)
Missiles
 o - 4 javelins
Armour
 b - a +0 leather armour (worn)
 r - a +0 cloak (worn)
 u - a +0 helmet
Wands
 c - a wand of flame (8) (quivered)
 d - a wand of charming (14)
 e - a wand of iceblast (4)
 s - a wand of mindburst (13)
Scrolls
 i - 4 scrolls of identify {unknown}
 j - 2 scrolls of noise {unknown}
 l - a scroll of enchant armour {unknown}
 m - a scroll of teleportation {unknown}
 p - a scroll of silence {unknown}
Potions
 f - a potion of mutation {unknown}
 h - 2 potions of haste {@q3}
 k - a potion of heal wounds {@q2}
 n - 2 potions of curing {unknown}
 q - a potion of invisibility {unknown}
 t - a potion of lignification {unknown}

Dungeon Overview and Level Annotations

Branches:
Dungeon (3/15)

Altars:

Shops:
D:2 !

Annotations:
D:2 1 runed translucent door, Crazy Yiuf

▒▒▒▒▒▒ ▒....▒
▒▒....▒ ▒▒..▒[▒▒
▒..)▒÷▒ ▒..)..▒
▒....▒▒)▒▒ ▒▒.
▒R▒ ▒g▒ ▒ ▒)▒
.▒▒▒▒▒▒▒▒▒▒
▒[▒▒▒▒.▒▒.....)..
▒.▒▒...▒▒.....£..
▒)▒..▒▒▒▒........
▒......(.<.......
.
▒..▒▒▒▒▒▒........
... ▒..▒
▒........


You could see a gnoll (poisoned).


Message History

The hobgoblin is heavily wounded.
The hobgoblin barely misses you. The hobgoblin misses you.
You see here a +0 dagger.
Things that are here:
6 stones; an adder corpse The hobgoblin attacks as you move away!
The hobgoblin closely misses you.
Items here: ))))) [[ ÷÷.
Aiming: Poisonous Vapours (safe; 14% risk of failure)
Aim: a gnoll, wielding a +0 flail (heavily wounded) Poisonous vapours surround the gnoll!
The gnoll is poisoned.
* * * LOW HITPOINT WARNING * * *
The hobgoblin barely misses you.
You hit the hobgoblin.
You kill the hobgoblin!
You hit the gnoll but do no damage.
The gnoll is heavily wounded.
The gnoll barely misses you.
You barely miss the gnoll.
The gnoll is heavily wounded.
The gnoll hits you with a +0 flail!
* * * LOW HITPOINT WARNING * * *
The gnoll drinks a potion.
The gnoll is healed!
You hit the gnoll.
The gnoll is moderately wounded.
The gnoll hits you with a +0 flail!
You die...

Action                   |  1- 3 |  4- 6 || total
-------------------------+-------+-------++-------
Melee: Club              |    37 |       ||    37
       Trident           |    93 |   194 ||   287
       Punch             |     2 |       ||     2
 Cast: Poisonous Vapours |       |    16 ||    16
Evoke: Wand              |     7 |     2 ||     9
 Stab: Sleeping          |     2 |     3 ||     5
       Distracted        |       |     1 ||     1
Armor: Leather armour    |    36 |    64 ||   100
Dodge: Dodged            |   107 |   144 ||   251

Levels and vault maps discovered:
D:1:      dreamdust_arrival_sigmund_warning, layout_basic,
          ebering_ecumenical_altar_petrified
D:2:      minmay_roachtagon, layout_loops_ring, serial_shops,
          nicolae_shop_hallway_stairs, uniq_crazy_yiuf_cottage
D:3:      kennysheep_the_goblin_king, layout_rooms, nicolae_uskayaw_en_pointe,
          serial_shops, shop, uniq_terence, uniq_jessica, uniq_robin

Notes
Turn   | Place    | Note
-------+----------+-------------------------------------------
     0 | D:1      | sanka the Djinni Artificer began the quest for the Orb.
     0 | D:1      | Reached XP level 1. HP: 17/17 MP: 0/0
    14 | D:1      | HP: 1/17 [quokka (3)]
    21 | D:1      | Reached XP level 2. HP: 2/22 MP: 0/0
   606 | D:1      | Reached skill level 2 in Fighting
   606 | D:1      | Reached skill level 3 in Dodging
   606 | D:1      | Reached XP level 3. HP: 18/28 MP: 0/0
   606 | D:1      | Learned a level 1 spell: Slow
  1054 | D:1      | Found a faded altar of an unknown god.
  1503 | D:2      | Reached XP level 4. HP: 19/34 MP: 0/0
  1660 | D:2      | Found Woshru Zuurimm's Distillery.
  1888 | D:2      | Reached skill level 1 in Spellcasting
  2515 | D:2      | Reached XP level 5. HP: 38/40 MP: 0/0
  2515 | D:2      | Learned a level 2 spell: Poisonous Vapours
  2869 | D:2      | Found a runed translucent door.
  2870 | D:2      | Noticed Crazy Yiuf
  3129 | D:3      | Noticed Robin
  3330 | D:3      | Noticed Ijyb
  3345 | D:3      | Noticed Jessica
  3358 | D:3      | Killed Ijyb
  3372 | D:3      | Killed Jessica
  3373 | D:3      | Reached skill level 2 in Spellcasting
  3679 | D:3      | Reached XP level 6. HP: 38/45 MP: 0/0
  3696 | D:3      | Killed Robin
  3755 | D:3      | HP: 4/45 [gnoll/+0 flail (12)]
  3756 | D:3      | Slain by a gnoll

Vanquished Creatures
  Jessica (D:3)
  Ijyb (D:3)
  Robin (D:3)
  2 gnolls
  4 adders
  A dart slug (D:2)
  2 orcs (D:2)
  7 ball pythons
  3 endoplasms
  15 giant cockroaches
  18 goblins
  8 hobgoblins
  3 jackals (D:1)
  6 kobolds
  2 quokkas
  5 bats
  2 frilled lizards
  8 rats
89 creatures vanquished.

Vanquished Creatures (collateral kills)
  A hobgoblin (D:3)
  A ball python (D:3)
2 creatures vanquished.

Vanquished Creatures (others)
  A worm (D:3)
  A fungus (D:2)
2 creatures vanquished.

Grand Total: 93 creatures vanquished
